 Dungeon Sprint DCSS version 0.32-a0-834-geaf45d8e21 (webtiles) character file.

Game seed: 8264591147787692337

56 rocky1 the Protected (level 7, -11/70 HPs)
             Began as a Mountain Dwarf Fighter on Mar 26, 2024.
             Was an Initiate of Gozag.
             Mangled by a komodo dragon (14 damage)
             ... in the Dungeon (Sprint VI: "Thunderdome").
             The game lasted 00:02:51 (412 turns).

rocky1 the Protected (Mountain Dwarf Fighter)        Turns: 412, Time: 00:02:52

Health: -11/70     AC:  8    Str: 21    XL:     7   Next: 30%
Magic:  7/7        EV:  8    Int: 11    God:    Gozag
Gold:   409        SH:  5    Dex:  9    Spells: 6/6 levels left

rFire   + . .        a - +0 war axe
rCold   . . .        c - +0 buckler
rNeg    + + .        b - +0 scale mail
rPois   +            (no helmet)
rElec   .            (no cloak)
rCorr   +            (no gloves)
SInv    .            (no boots)
Will    .....        t - amulet "Vom Zuru" {Acrobat Rampage} Stlth
                     q - ring of Fynyzxas {rF+ Int+3 Slay+4}
HPRegen 0.31/turn    u - ring "Kopennad" {rPois rN++ rCorr}
MPRegen 0.10/turn

%: no teleportation, acrobat, rampage
@: no status effects
A: runic magic, artefact enchanting
a: Renounce Religion, Potion Petition, Call Merchant, Bribe Branch


You were in the Dungeon.
You worshipped Gozag.
Gozag was aware of your devotion.
You visited 1 branch You collected 964 gold pieces.
You spent 555 gold pieces at shops.

Inventory:

Hand Weapons
 a - a +0 war axe (weapon)
Missiles
 y - 8 poisoned darts
Armour
 b - a +0 scale mail (worn)
 c - a +0 buckler (worn)
Jewellery
 o - the ring of the Water Diviner {Wiz rF- rN++ Int+3 SInv}
   (You bought it in a shop in the Dungeon)

   [ring of wizardry]

   Wiz:       It improves your spell success rate.
   Int+3:     It affects your intelligence (+3).
   rF-:       It makes you vulnerable to fire.
   rN++:      It greatly protects you from negative energy.
   SInv:      It lets you see invisible.
 p - the ring of Activism {Ice +Blink Int+4}
   (You bought it in a shop in the Dungeon)

   [ring of ice]

   Ice:       It enhances your ice magic.
   Int+4:     It affects your intelligence (+4).
   rF-:       It makes you vulnerable to fire.
   rC+:       It protects you from cold.
   +Blink:    It lets you blink.
 q - the ring of Fynyzxas (left hand) {rF+ Int+3 Slay+4}
   (You bought it in a shop in the Dungeon)

   [ring of slaying]

   Int+3:     It affects your intelligence (+3).
   Slay+4:    It affects your accuracy & damage with ranged weapons and melee
   (+4).
   rF+:       It protects you from fire.
 r - the amulet "Ifev" {Reflect -Tele rN+ Will+ Int+3 SH+5}
   (You bought it in a shop in the Dungeon)

   [amulet of reflection]

   Reflect:   It reflects blocked missile attacks.
   Int+3:     It affects your intelligence (+3).
   rN+:       It protects you from negative energy.
   Will+:     It increases your willpower.
   -Tele:     It prevents most forms of teleportation.
   SH+5:      It affects your SH (+5).
 s - the ring "Zerchajur" {rF+ rC+ Will+}
   (You bought it in a shop in the Dungeon)

   [ring of protection from fire]

   rF+:       It protects you from fire.
   rC+:       It protects you from cold.
   Will+:     It increases your willpower.
 t - the amulet "Vom Zuru" (around neck) {Acrobat Rampage}
   (You bought it in a shop in the Dungeon)

   [amulet of the acrobat]

   Acrobat:   It increases your evasion while moving and waiting.
   Rampage:   It bestows one free step when moving towards enemies.
 u - the ring "Kopennad" (right hand) {rPois rN++ rCorr}
   (You bought it in a shop in the Dungeon)

   [ring of resist corrosion]

   rPois:     It protects you from poison.
   rN++:      It greatly protects you from negative energy.
   rCorr:     It protects you from acid and corrosion.
 v - the amulet "Okeaz" {RegenMP+ Dex+5}
   (You bought it in a shop in the Dungeon)

   [amulet of magic regeneration]

   It increases your rate of magic regeneration.
   Dex+5:     It affects your dexterity (+5).
   RegenMP+:  It increases your rate of magic regeneration.
 w - the amulet "Zykhinum" {Reflect Regen+ Str-3 Int+2 SH+5}
   (You bought it in a shop in the Dungeon)

   [amulet of reflection]

   Reflect:   It reflects blocked missile attacks.
   Str-3:     It affects your strength (-3).
   Int+2:     It affects your intelligence (+2).
   Regen+:    It increases your rate of health regeneration.
   SH+5:      It affects your SH (+5).
 x - the amulet "Muocus" {Reflect rN+ Str+3 Dex+3 SH+5}
   (You bought it in a shop in the Dungeon)

   [amulet of reflection]

   Reflect:   It reflects blocked missile attacks.
   Str+3:     It affects your strength (+3).
   Dex+3:     It affects your dexterity (+3).
   rN+:       It protects you from negative energy.
   SH+5:      It affects your SH (+5).
Wands
 l - a wand of light (2) (quivered)
 m - a wand of roots (4)
Scrolls
 j - 4 scrolls of blinking
 n - 3 scrolls of fog
Potions
 d - a potion of might
 e - a potion of curing
 f - 7 potions of heal wounds
 g - 4 potions of haste
 h - 2 potions of magic
 i - a potion of berserk rage
 k - a potion of resistance


   Skills:
 + Level 9.4 Fighting
 + Level 9.0 Axes
 + Level 10.3 Armour
 + Level 8.7 Shields
 + Level 2.6 Evocations


You had 6 spell levels left.
You didn't know any spells.
Your spell library was empty.

Dungeon Overview and Level Annotations

Branches:
Dungeon (1/1)

Altars:
Cheibriados
Dithmenos
Fedhas
Gozag
Kikubaaqudgha
Makhleb
Okawaru
Qazlal
Ru
Sif Muna
Trog
Uskayaw
Vehumet
Wu Jian
Xom
Yredelemnul
Zin
The Shining One
Beogh
Lugonu

Shops:
D *[=??*?*:[((!!!!


Innate Abilities, Weirdness & Mutations

Your spellcasting is much less encumbered by armour.
You can use scrolls of enchantment on lesser artefacts.


Message History

You hit the komodo dragon but do no damage.
The yak barely misses you. The komodo dragon closely misses you.
The hell rat is distracted by your dazzling golden aura.
The yak gores you but does no damage.
The hell rat roars deafeningly!
You slash the yak!
You kill the yak!
You hit the komodo dragon.
The komodo dragon bites you but does no damage.
Your Axes skill increases to level 9!
Your Armour skill increases to level 10!
Unknown command.
You hit the komodo dragon but do no damage.
The komodo dragon is lightly wounded.
The hell rat is no longer distracted by gold.
The komodo dragon barely misses you.
You completely miss the komodo dragon. The komodo dragon bites you!
You slash the komodo dragon!
The komodo dragon is moderately wounded.
The komodo dragon bites you!
You are too injured to fight recklessly!
You are too injured to fight recklessly!
You hit the komodo dragon.
The komodo dragon is heavily wounded.
The komodo dragon bites you.
You barely miss the komodo dragon.
The komodo dragon is heavily wounded.
You block the komodo dragon's attack.
You slash the komodo dragon!
The komodo dragon is heavily wounded.
The komodo dragon closely misses you.
You slash the komodo dragon!
The komodo dragon is almost dead.
The komodo dragon bites you!!
* * * LOW HITPOINT WARNING * * *
You hit the komodo dragon.
The komodo dragon is almost dead.
The komodo dragon bites you!
You die...
Your body crumbles into a pile of gold.

##.....## ##∩.....∩##
#∩...)...∩# #_......._#
#_......._# #_......._#
###.........###
#[lr)........)#
######@ß.........ß.####
##∩___..$...###......__.
###∩........ß.# #.ß.......
##.............###.....)...
#⌠).........###...###......
#⌠........).# #.<.# #......
#⌠..........###...###......
##.............###.........
###∩........ß.# #.ß.......


You could see a komodo dragon and a hell rat.

Vanquished Creatures
  A komodo dragon (D)
  Sigmund (D)
  A yak (D)
  A kobold brigand (D)
  An iguana (D)
  A hobgoblin (D)
  A jackal (D)
  2 kobolds (D)
  4 goblins (D)
  A rat (D)
14 creatures vanquished.

Notes
Turn   | Place    | Note
-------+----------+-------------------------------------------
     0 | D        | rocky1 the Mountain Dwarf Fighter began the quest for the
                  | Orb.
     0 | D        | Reached XP level 1. HP: 19/19 MP: 1/1
     4 | D        | Found a glowing silver altar of Zin.
     4 | D        | Found a hide-covered altar of Uskayaw.
     5 | D        | Found an ancient bone altar of Kikubaaqudgha.
     5 | D        | Found a burning altar of Makhleb.
     5 | D        | Round 1.
     6 | D        | Found a stormy altar of Qazlal.
     6 | D        | Found a corrupted altar of Lugonu.
     7 | D        | Found Cocays's Timeless Talismans.
     7 | D        | Found a snail-covered altar of Cheibriados.
     7 | D        | Found Naihu's Identification Station.
     8 | D        | Found Odiyck's Jewellery.
     8 | D        | Found Tes Usin's Advanced Armour.
    11 | D        | Found a shimmering blue altar of Sif Muna.
    12 | D        | Found a basalt altar of Yredelemnul.
    14 | D        | Found Xeoskiss's Premium Goods.
    16 | D        | Found an iron altar of Okawaru.
    16 | D        | Found a roughly hewn altar of Beogh.
    16 | D        | Found Fuqepp's Weapon Rack.
    16 | D        | Found Zeffose's Miscellaneous Merchandise.
    16 | D        | Found Achi's Basic Armour.
    23 | D        | Found a sacrificial altar of Ru.
    24 | D        | Found a bloodstained altar of Trog.
    26 | D        | Found an ornate altar of the Wu Jian Council.
    27 | D        | Found Zepratze's Do-It-Yourself Clinic.
    27 | D        | Found a shimmering altar of Xom.
    27 | D        | Found a glowing golden altar of the Shining One.
    27 | D        | Found Iseatzer's Distillery.
    28 | D        | Found Wyfann's Bottled Wisdom.
    28 | D        | Found Wutwuown's Distillery.
    31 | D        | Found an opulent altar of Gozag.
    32 | D        | Found a blossoming altar of Fedhas.
    33 | D        | Found a radiant altar of Vehumet.
    34 | D        | Found Wolufun's Staff Store.
    35 | D        | Found Ajeddemn's Must-Have Magic.
    35 | D        | Found Pyjasa's Magic Scroll Shop.
    39 | D        | Became a worshipper of Gozag Ym Sagoz the Greedy
    40 | D        | Found a shadowy altar of Dithmenos.
    40 | D        | Found Igemon's Magic Scroll Shop.
   104 | D        | Noticed an iguana
   110 | D        | Killed an iguana
   111 | D        | Reached skill level 4 in Armour
   111 | D        | Reached XP level 2. HP: 18/28 MP: 2/2
   126 | D        | Noticed Sigmund
   133 | D        | Killed Sigmund
   134 | D        | Reached skill level 5 in Axes
   134 | D        | Reached skill level 7 in Armour
   134 | D        | Reached skill level 1 in Evocations
   134 | D        | Reached XP level 3. HP: 20/39 MP: 3/3
   134 | D        | Reached XP level 4. HP: 25/47 MP: 4/4
   134 | D        | Reached XP level 5. HP: 27/52 MP: 5/5
   134 | D        | Arena points: 14 (+14) [x2]
   150 | D        | Bought a brightly glowing golden ring for 45 gold pieces
   150 | D        | Identified the ring of the Water Diviner {Wiz rF- rN++
                  | Int+3 SInv} (You bought it in a shop in the Dungeon)
   150 | D        | Bought a faintly glowing brass ring for 45 gold pieces
   150 | D        | Identified the ring of Activism {Ice +Blink Int+4} (You
                  | bought it in a shop in the Dungeon)
   150 | D        | Bought a bound ivory ring for 45 gold pieces
   150 | D        | Identified the ring of Fynyzxas {rF+ Int+3 Slay+4} (You
                  | bought it in a shop in the Dungeon)
   150 | D        | Bought a slimy platinum amulet for 45 gold pieces
   150 | D        | Identified the amulet "Ifev" {Reflect -Tele rN+ Will+ Int+3
                  | SH+5} (You bought it in a shop in the Dungeon)
   150 | D        | Bought an ancient wooden ring for 45 gold pieces
   150 | D        | Identified the ring "Zerchajur" {rF+ rC+ Will+} (You bought
                  | it in a shop in the Dungeon)
   150 | D        | Bought a steaming lead amulet for 45 gold pieces
   150 | D        | Identified the amulet "Vom Zuru" {Acrobat Rampage} (You
                  | bought it in a shop in the Dungeon)
   150 | D        | Bought a bound steel ring for 45 gold pieces
   150 | D        | Identified the ring "Kopennad" {rPois rN++ rCorr} (You
                  | bought it in a shop in the Dungeon)
   150 | D        | Bought a bound silver amulet for 45 gold pieces
   150 | D        | Identified the amulet "Okeaz" {RegenMP+ Dex+5} (You bought
                  | it in a shop in the Dungeon)
   150 | D        | Bought a wavering lead amulet for 45 gold pieces
   150 | D        | Identified the amulet "Zykhinum" {Reflect Regen+ Str-3
                  | Int+2 SH+5} (You bought it in a shop in the Dungeon)
   150 | D        | Bought a brightly glowing copper amulet for 45 gold pieces
   150 | D        | Identified the amulet "Muocus" {Reflect rN+ Str+3 Dex+3
                  | SH+5} (You bought it in a shop in the Dungeon)
   196 | D        | Round 2.
   243 | D        | Reached skill level 8 in Armour
   259 | D        | Bought 3 potions of heal wounds for 105 gold pieces
   365 | D        | Arena points: 56 (+42) [x3]
   390 | D        | Round 3.
   391 | D        | Noticed a komodo dragon
   395 | D        | Noticed a yak
   396 | D        | Noticed a komodo dragon
   398 | D        | Killed a komodo dragon
   399 | D        | Reached skill level 9 in Armour
   399 | D        | Reached XP level 6. HP: 52/63 MP: 6/6
   399 | D        | Reached XP level 7. HP: 58/70 MP: 7/7
   404 | D        | Killed a yak
   405 | D        | Reached skill level 10 in Armour
   411 | D        | HP: 3/70 [komodo dragon (25)]
   412 | D        | Mangled by a komodo dragon

Illustrated notes

Levels and vault maps discovered:
D:        arena_sprint

Skill      XL: |  1  2  3  4  5  6  7 |
---------------+----------------------+-----
Fighting       | 4 7 9 |  9.4
Axes           | 3 5 8 9 |  9.0
Armour         | 4 7 9 10 | 10.3
Shields        | 4 6 8 |  8.7
Evocations     | 1 2 |  2.6

Action                     |  1- 3 |  4- 6 |  7- 9 || total
---------------------------+-------+-------+-------++-------
  Melee: War axe           |     7 |    18 |    13 ||    38
  Evoke: Wand              |     4 |       |       ||     4
 Armour: Scale mail        |     7 |     6 |     9 ||    22
  Dodge: Dodged            |     2 |     7 |     7 ||    16
  Block: Buckler           |       |     6 |     2 ||     8

Table legend: (Time is in decaauts)
 A = Elapsed time spent in this place.
 B = Non-inter-level travel time spent in this place.
 C = Inter-level travel time spent in this place.
 D = Time resting spent in this place.
 E = Time spent auto-exploring this place.
 F = Levels seen in this place.
 G = Mean time per level.
                   A        B        C        D        E       F      G
               +--------+--------+--------+--------+--------+-----+--------+
         Total |    419 |    419 |      0 |     66 |      5 |   1 |  419.0 |
       Dungeon |    419 |    419 |      0 |     66 |      5 |   1 |  419.0 |
               +--------+--------+--------+--------+--------+-----+--------+

Top non-repeatable levels by time:
       D: 419 daAuts
